[Event "Titled Tuesday Blitz November 14 Late 2023"]
[White "PoXerStar"]
[Black "Bjelobrk, Igor"]
[BlackFideId "4300726"]
[WhiteElo "2447"]
[BlackElo "2672"]
[Result "0-1"]
[Round "2"]
[TimeControl "180+1"]
[Date "2023.11.14"]
[WhiteClock "0:00:00"]
[BlackClock "0:00:45"]
[Board "65"]

1. d4 e6 2. c4 b6 3. f3 Bb7 4. e4 d6 5. Nc3 Nd7 6. Bd3 g6 7. Nge2 Bg7 8. Be3 Ne7 9. Qd2 h5 10. h4 a6 11. O-O-O c5 12. Kb1 Qc7 13. d5 exd5 14. exd5 Ne5 15. Ng3 Bc8 16. Rhe1 O-O 17. Bf1 Nf5 18. Nxf5 Bxf5+ 19. Ka1 b5 20. Bh6 bxc4 21. Bxg7 Kxg7 22. Rxe5 dxe5 23. Bxc4 Rfd8 24. d6 Qb6 25. Qd5 Rd7 26. Qxe5+ Kh7 27. g4 hxg4 28. h5 Rb8 29. hxg6+ Kxg6 30. Nd5 Qxb2+ 31. Qxb2 Rxb2 32. Kxb2 gxf3 33. Ne7+ Kf6 34. Nxf5 Kxf5 35. Bxa6 Ke5 36. Bb7 f2 37. Rf1 Rxb7+ 38. Kc3 Kxd6 39. Rxf2 Ra7 0-1


[Site "https://www.chess.com"]

[Event "Titled Tuesday Blitz November 14 Late 2023"]
[White "Luczak, Filip"]
[Black "Molina Carretero, Daniel"]
[WhiteFideId "1193686"]
[BlackFideId "32071914"]
[WhiteElo "2672"]
[BlackElo "2441"]
[Result "0-1"]
[Round "2"]
[TimeControl "180+1"]
[Date "2023.11.14"]
[WhiteClock "0:00:03"]
[BlackClock "0:00:11"]
[Board "66"]

1. d4 Nf6 2. Nc3 d5 3. Bf4 Bf5 4. f3 e6 5. g4 Bg6 6. h4 h6 7. e3 a6 8. Nh3 c5 9. Bg3 Nc6 10. Nf4 Bh7 11. g5 Ng8 12. g6 Bxg6 13. Nxg6 fxg6 14. Bd3 Qf6 15. dxc5 Bxc5 16. Qe2 Nge7 17. O-O-O O-O-O 18. h5 g5 19. Rhf1 Nf5 20. Bf2 Ba7 21. Bxa6 Nd6 22. Bd3 Kb8 23. Kb1 Rc8 24. Bg3 Rhd8 25. e4 Nd4 26. Qh2 Qf8 27. exd5 Ka8 28. dxe6 Rxc3 29. bxc3 N6b5 30. Bxb5 Nxb5 31. Rxd8+ Qxd8 32. Be5 Bc5 33. Ka1 Qa5 34. Qd2 Na3 35. Rd1 Bb6 36. e7 Qxe5 37. Qd3 Qxe7 38. c4 Qc5 39. Re1 Qd4+ 40. Qxd4 Bxd4+ 41. c3 Bxc3# 0-1


[Site "https://www.chess.com"]

[Event "Titled Tuesday Blitz November 14 Late 2023"]
[White "ExchangeAB"]
[Black "Maltsevskaya, Aleksandra"]
[BlackFideId "24174041"]
[WhiteElo "2440"]
[BlackElo "2669"]
[Result "1/2-1/2"]
[Round "2"]
[TimeControl "180+1"]
[Date "2023.11.14"]
[WhiteClock "0:00:20"]
[BlackClock "0:00:05"]
[Board "67"]

1. Nf3 Nf6 2. e3 g6 3. b3 Bg7 4. Bb2 O-O 5. Be2 d6 6. d4 Nbd7 7. O-O e5 8. c4 exd4 9. Bxd4 Nc5 10. Nbd2 a5 11. a3 Re8 12. b4 Ne6 13. Bc3 Bd7 14. Qb3 Bc6 15. Qb2 b6 16. Nd4 Nxd4 17. Bxd4 Qe7 18. Bf3 Bxf3 19. Nxf3 h6 20. h3 Qe6 21. c5 bxc5 22. bxc5 dxc5 23. Bxc5 Ne4 24. Bd4 Bxd4 25. Nxd4 Qf6 26. Qc2 c5 27. Nf3 Kg7 28. Rfd1 Rab8 29. Rab1 Rxb1 30. Rxb1 Qc3 31. Qxc3+ Nxc3 32. Rb2 Rc8 33. Ne5 a4 34. Nc4 Rd8 35. g4 Rd1+ 36. Kg2 Rc1 37. Nd6 Kf6 38. Rb7 Rc2 39. Kg3 c4 40. Rc7 Ne2+ 41. Kf3 c3 42. Ne4+ Ke6 43. Rc4 Kd5 44. Rxa4 Ng1+ 45. Kg2 Rc1 46. Nxc3+ Rxc3 47. Kxg1 Ke5 48. Kg2 h5 49. gxh5 gxh5 50. Ra5+ Ke4 51. Rxh5 Rxa3 52. Rh4+ Ke5 53. Rf4 f5 54. h4 Ra1 55. h5 Kf6 56. h6 Kg6 57. Rh4 Kh7 58. Kf3 Ra2 59. Rh2 Ra4 60. Kg3 Rg4+ 61. Kf3 Ra4 62. Rh1 Rb4 63. Kg2 Rg4+ 64. Kf1 Rb4 65. Ke2 Rb2+ 66. Kf3 Rb4 67. Rh2 Ra4 1/2-1/2


[Site "https://www.chess.com"]

[Event "Titled Tuesday Blitz November 14 Late 2023"]
[White "Bogaudinov, Rushan"]
[Black "Kushko, Dmitriy"]
[WhiteFideId "4129288"]
[BlackFideId "14162261"]
[WhiteElo "2395"]
[BlackElo "2666"]
[Result "0-1"]
[Round "2"]
[TimeControl "180+1"]
[Date "2023.11.14"]
[WhiteClock "0:00:00"]
[BlackClock "0:00:04"]
[Board "68"]

1. e4 c6 2. d4 d5 3. e5 Bf5 4. c4 e6 5. Nc3 Bb4 6. Qb3 Qa5 7. Bd2 Ne7 8. a3 Bxc3 9. bxc3 Qb6 10. Qb4 Na6 11. Qxb6 axb6 12. cxd5 exd5 13. Nf3 h6 14. Be2 b5 15. O-O Nc7 16. Ne1 h5 17. Nd3 Ne6 18. Nb2 O-O 19. Bxh5 Nc8 20. Be2 Nb6 21. g4 Bc2 22. f4 f5 23. exf6 gxf6 24. f5 Ng5 25. Bxg5 fxg5 26. Rfe1 Rfe8 27. Kf2 Kf7 28. Bf1 Rxe1 29. Kxe1 Kf6 30. Kd2 Be4 31. Bd3 Rh8 32. Bxe4 Rxh2+ 33. Ke3 dxe4 34. Nd1 Nc4+ 35. Kxe4 Rh3 36. d5 Nd2+ 37. Kd4 Nb3+ 38. Ke4 cxd5+ 39. Kxd5 Nxa1 40. Nf2 Rh4 41. Kc5 Ke5 42. Kxb5 Nc2 43. a4 Ne1 44. Kb6 Rh2 45. Nd1 Ra2 46. a5 Ke4 47. f6 Rd2 48. f7 Rd6+ 49. Kxb7 Rf6 50. a6 Rxf7+ 51. Kb8 Kf3 52. a7 Kxg4 53. Ne3+ Kf4 54. Nd5+ Ke5 55. Nc7 Rf8+ 56. Kb7 g4 0-1


[Site "https://www.chess.com"]

[Event "Titled Tuesday Blitz November 14 Late 2023"]
[White "Sydoryka, Vladyslav"]
[Black "Laskakis, Konstantinos"]
[WhiteFideId "14145928"]
[BlackFideId "42134374"]
[WhiteElo "2662"]
[BlackElo "2368"]
[Result "1-0"]
[Round "2"]
[TimeControl "180+1"]
[Date "2023.11.14"]
[WhiteClock "0:00:05"]
[BlackClock "0:00:00"]
[Board "69"]

1. c4 Nf6 2. g3 g6 3. Bg2 Bg7 4. Nc3 O-O 5. d3 c5 6. Nf3 Nc6 7. O-O d5 8. cxd5 Nxd5 9. Nxd5 Qxd5 10. Qa4 Qd6 11. a3 Bd7 12. Qc2 Rac8 13. Bf4 e5 14. Be3 b6 15. Rfc1 Rfd8 16. Nd2 Nd4 17. Qd1 Bc6 18. Ne4 Qe6 19. Bxd4 exd4 20. b4 cxb4 21. axb4 Qe7 22. Qb3 Bd5 23. Nf6+ Bxf6 24. Bxd5 Rxc1+ 25. Rxc1 Kg7 26. b5 Qd7 27. Bc6 Qe7 28. Kf1 Bg5 29. Ra1 Bd2 30. Ra4 Bc3 31. Qa2 Ba5 32. h4 h5 33. Kg2 Rd6 34. Bf3 Rf6 35. Rc4 Rd6 36. Rc8 Bb4 37. Qc4 Bc5 38. Ra8 Qd7 39. Qa4 Qe6 40. Qxa7 Qb3 41. Qb8 1-0


[Site "https://www.chess.com"]

[Event "Titled Tuesday Blitz November 14 Late 2023"]
[White "Adla, Diego"]
[Black "Skaric, Djuro"]
[WhiteFideId "100072"]
[BlackFideId "934569"]
[WhiteElo "2657"]
[BlackElo "2365"]
[Result "1-0"]
[Round "2"]
[TimeControl "180+1"]
[Date "2023.11.14"]
[WhiteClock "0:00:14"]
[BlackClock "0:00:48"]
[Board "70"]

1. c4 g6 2. Nc3 Bg7 3. d4 d6 4. e4 Nf6 5. Nf3 O-O 6. Be2 Nc6 7. d5 Ne5 8. Nxe5 dxe5 9. O-O h6 10. Be3 Ne8 11. f4 exf4 12. Bxf4 e5 13. Be3 f5 14. Qd2 f4 15. Bc5 Nd6 16. Ba3 Rf7 17. c5 Ne8 18. d6 c6 19. Bc4 Bd7 20. g3 g5 21. gxf4 gxf4 22. Kh1 Qf6 23. Rg1 Kh7 24. Bxf7 Qxf7 25. b4 Nf6 26. Nd1 Qh5 27. Qd3 Rf8 28. Nf2 Bg4 29. Nxg4 Nxg4 30. Rxg4 Qxg4 31. Rg1 Qh4 32. Qf3 Rd8 33. Bb2 Bf6 34. Bc3 Rg8 35. Rxg8 Kxg8 36. h3 h5 37. Kg2 Qg5+ 38. Kf1 Kf7 39. Be1 Qg8 40. Qxh5+ Qg6 41. Qxg6+ Kxg6 42. Ke2 Bd8 43. Kf3 Kf7 44. Kg4 Ke6 45. Bh4 Bxh4 46. Kxh4 b6 47. Kg4 a5 48. cxb6 Kxd6 49. h4 axb4 50. h5 c5 51. h6 c4 52. b7 Kc7 53. h7 Kxb7 54. h8=Q Kc6 55. Qxe5 c3 56. Qd5+ Kb6 57. Qc4 Ka5 58. Kxf4 Ka4 59. Ke3 c2 60. Qxc2+ 1-0


[Site "https://www.chess.com"]

[Event "Titled Tuesday Blitz November 14 Late 2023"]
[White "Ward, Ieuan C"]
[Black "Prestia, Paris"]
[WhiteFideId "406627"]
[BlackFideId "30925959"]
[WhiteElo "2359"]
[BlackElo "2654"]
[Result "1-0"]
[Round "2"]
[TimeControl "180+1"]
[Date "2023.11.14"]
[WhiteClock "0:00:49"]
[BlackClock "0:00:56"]
[Board "71"]

1. d4 e6 2. c4 b6 3. Nf3 Bb7 4. g3 Nf6 5. Bg2 Be7 6. O-O O-O 7. Nc3 d6 8. Qc2 Nbd7 9. e4 c5 10. d5 e5 11. Ne1 Ne8 12. Nd3 a6 13. f4 Bf6 14. f5 Bg5 15. h4 Bxc1 16. Raxc1 b5 17. cxb5 axb5 18. Nxb5 Rxa2 19. Ra1 Qa5 20. Rxa2 Qxa2 21. Bf3 Qa5 22. Nc3 Nc7 23. b3 Nb5 24. Nxb5 Qxb5 25. Nb2 Ba6 26. Nc4 Nb6 27. Be2 Nxc4 28. Bxc4 Qb6 29. Bxa6 Qxa6 30. f6 g6 31. Qd2 Kh8 32. Rb1 Qb5 33. b4 c4 34. Ra1 Rc8 35. Qh6 Qb6+ 36. Kf1 Rg8 37. Ra8 1-0


[Site "https://www.chess.com"]

[Event "Titled Tuesday Blitz November 14 Late 2023"]
[White "Sivakumar, Shaaketh"]
[Black "Doluhanova, Evgeniya"]
[WhiteFideId "30940176"]
[BlackFideId "14112035"]
[WhiteElo "2648"]
[BlackElo "2351"]
[Result "1-0"]
[Round "2"]
[TimeControl "180+1"]
[Date "2023.11.14"]
[WhiteClock "0:02:19"]
[BlackClock "0:01:57"]
[Board "72"]

1. Nf3 Nf6 2. c4 e6 3. g3 d5 4. Bg2 dxc4 5. O-O c5 6. Na3 Bd7 7. Nxc4 Bc6 8. Nce5 Bd5 9. d3 Nc6 10. e4 Nxe5 11. Nxe5 Bc6 12. Nxc6 bxc6 13. Qa4 Qd7 14. Bg5 Be7 15. Bxf6 Bxf6 16. e5 O-O 17. exf6 1-0


[Site "https://www.chess.com"]

[Event "Titled Tuesday Blitz November 14 Late 2023"]
[White "patzersame"]
[Black "reevecanada"]
[WhiteElo "2340"]
[BlackElo "2648"]
[Result "0-1"]
[Round "2"]
[TimeControl "180+1"]
[Date "2023.11.14"]
[WhiteClock "0:00:02"]
[BlackClock "0:01:08"]
[Board "73"]

1. e4 c5 2. b4 cxb4 3. a3 bxa3 4. Bxa3 d6 5. d4 Nf6 6. Bd3 e5 7. dxe5 dxe5 8. Bxf8 Kxf8 9. Nf3 Nc6 10. O-O g6 11. Qc1 Kg7 12. Nc3 Bg4 13. Nd2 Nh5 14. Nc4 Be6 15. Qb2 Nf4 16. Rfd1 Qg5 17. Bf1 Nh3+ 18. Kh1 Nxf2+ 19. Kg1 Nxd1 20. Rxd1 Rhd8 21. Nd5 Nd4 22. Qxb7 Nf3+ 23. Kh1 Nxh2 24. Kxh2 Qh5+ 25. Kg1 Qxd1 26. Qe7 Qd4+ 27. Kh1 Bxd5 28. exd5 Qxd5 29. Ne3 Qe6 30. Qg5 h6 31. Qg3 Rd4 32. Bd3 Rad8 33. Nf5+ Kh7 34. Nxd4 Rxd4 35. Qf3 e4 36. Qe3 exd3 37. Qxd4 dxc2 38. Qc3 Qf5 39. Kh2 a5 40. g4 Qf4+ 41. Kh3 c1=Q 42. g5 Qxc3+ 43. Kg2 Qcg3+ 44. Kh1 Qfh4# 0-1


[Site "https://www.chess.com"]

[Event "Titled Tuesday Blitz November 14 Late 2023"]
[White "Mazzilli, Piero"]
[Black "Papasimakopoulos, Alexandros"]
[WhiteFideId "807087"]
[BlackFideId "4244125"]
[WhiteElo "2334"]
[BlackElo "2643"]
[Result "1/2-1/2"]
[Round "2"]
[TimeControl "180+1"]
[Date "2023.11.14"]
[WhiteClock "0:00:24"]
[BlackClock "0:00:57"]
[Board "74"]

1. e4 e6 2. Nf3 d5 3. Nc3 Nf6 4. e5 Nfd7 5. d4 c5 6. dxc5 Nc6 7. Bf4 Nxc5 8. Be2 Be7 9. Bg3 a6 10. a4 d4 11. Nb1 h5 12. h4 Ne4 13. Nbd2 Nxg3 14. fxg3 Qd5 15. Nc4 Bb4+ 16. Kf1 Bc5 17. Bd3 Bd7 18. Qe2 f5 19. exf6 e5 20. fxg7 Rg8 21. Bg6+ Kd8 22. Nfxe5 Nxe5 23. Nxe5 Rxg7 24. Nxd7 Rxg6 25. Nxc5 Qxc5 26. Rd1 Kc7 27. Qd3 Rf6+ 28. Kg1 Re8 29. Qxd4 Qxd4+ 30. Rxd4 Re2 31. Rc4+ Kb6 32. Kh2 Rff2 33. Rg1 Rxc2 34. Rxc2 Rxc2 35. Rb1 Ka5 36. b3 Kb4 37. Kh3 Rd2 38. g4 hxg4+ 39. Kxg4 Rxg2+ 40. Kf5 Rf2+ 41. Kg5 Rg2+ 42. Kf5 Kc3 43. h5 Rf2+ 44. Kg6 Rg2+ 45. Kf7 Rh2 46. Kg6 Kc2 47. Rg1 Kxb3 48. Rg4 b5 49. axb5 axb5 50. h6 b4 51. h7 Ka3 52. Kg7 b3 53. Rg3 Ka2 54. Rxb3 Kxb3 55. h8=Q Rxh8 56. Kxh8 1/2-1/2


[Site "https://www.chess.com"]

[Event "Titled Tuesday Blitz November 14 Late 2023"]
[White "Szente Varga, Fruzsina"]
[Black "Ahmad, Khagan"]
[WhiteFideId "712264"]
[BlackFideId "13431552"]
[WhiteElo "2333"]
[BlackElo "2641"]
[Result "0-1"]
[Round "2"]
[TimeControl "180+1"]
[Date "2023.11.14"]
[WhiteClock "0:00:04"]
[BlackClock "0:00:16"]
[Board "75"]

1. e4 e5 2. Nf3 Nc6 3. Bb5 a6 4. Ba4 Nf6 5. Qe2 b5 6. Bb3 Bc5 7. c3 d6 8. O-O O-O 9. Rd1 Bb6 10. d3 h6 11. h3 Be6 12. Bc2 d5 13. Nbd2 dxe4 14. dxe4 Qe7 15. Nf1 Bc4 16. Bd3 Bxd3 17. Rxd3 Nh5 18. Be3 Bxe3 19. Qxe3 Nf4 20. Rd2 Qe6 21. b3 Rad8 22. Rad1 Rxd2 23. Rxd2 Rd8 24. Rxd8+ Nxd8 25. Qc5 Qd6 26. Qxe5 Qxe5 27. Nxe5 Ne2+ 28. Kh2 Nxc3 29. Ne3 Nxe4 30. f3 Nc3 31. a3 Ne6 32. Nc6 Nc5 33. b4 Nb3 34. Nb8 a5 35. Nc6 a4 36. Nf5 Nb1 37. Nfd4 Nxd4 38. Nxd4 Nxa3 39. Kg3 Kf8 40. Kf4 Ke7 41. Ke5 Nc4+ 42. Ke4 a3 43. Kd3 a2 44. Nb3 Kd6 45. Kd4 g5 46. g3 f5 47. h4 f4 48. hxg5 fxg3 49. gxh6 g2 50. h7 g1=Q+ 51. Kc3 Qe3+ 52. Kc2 Qe2+ 53. Kc3 Qb2+ 54. Kd3 Qxb3+ 55. Ke4 a1=Q 0-1


[Site "https://www.chess.com"]

[Event "Titled Tuesday Blitz November 14 Late 2023"]
[White "Avalos Parra, Joao"]
[Black "Adewumi, Tanitoluwa"]
[WhiteFideId "3402541"]
[BlackFideId "30966396"]
[WhiteElo "2329"]
[BlackElo "2636"]
[Result "1/2-1/2"]
[Round "2"]
[TimeControl "180+1"]
[Date "2023.11.14"]
[WhiteClock "0:00:19"]
[BlackClock "0:00:06"]
[Board "77"]

1. d4 Nf6 2. c4 e6 3. Nf3 b6 4. a3 Bb7 5. Nc3 d5 6. cxd5 Nxd5 7. Qc2 Nd7 8. e4 Nxc3 9. bxc3 c5 10. Bb5 a6 11. Bd3 Rc8 12. Qe2 b5 13. d5 exd5 14. exd5+ Qe7 15. c4 bxc4 16. Bxc4 Qxe2+ 17. Kxe2 Nb6 18. Ba2 Bxd5 19. Bd2 Bxa2 20. Rxa2 Bd6 21. Rb1 Rc6 22. Rab2 Nd7 23. Rb7 f6 24. Nh4 g6 25. Bc3 Rf8 26. Rd1 Ke7 27. Nf3 Rb8 28. Rdb1 Rxb7 29. Rxb7 Rb6 30. Bxf6+ Kxf6 31. Rxd7 c4 32. Rxh7 Rb2+ 33. Ke3 Bc5+ 34. Ke4 Rxf2 35. Rc7 Bxa3 36. Rxc4 Rxg2 37. Rc6+ Kg7 38. Rxa6 Bb2 39. Kf4 Bc1+ 40. Ke4 Rg4+ 41. Kd3 Bf4 42. Ra4 g5 43. Ra6 Rg2 44. Ke4 Re2+ 45. Kf5 Rf2 46. Ra7+ Kh6 47. Ra6+ Kg7 48. Nxg5 Bxg5+ 49. Kxg5 Rg2+ 50. Kf5 Rxh2 51. Ra7+ Kh6 52. Ra6+ Kg7 53. Ra7+ Kh6 54. Ra6+ Kg7 1/2-1/2


[Site "https://www.chess.com"]

[Event "Titled Tuesday Blitz November 14 Late 2023"]
[White "Khater, Sherif"]
[Black "VitaliyChayka"]
[WhiteFideId "2034280"]
[WhiteElo "2634"]
[BlackElo "2314"]
[Result "0-1"]
[Round "2"]
[TimeControl "180+1"]
[Date "2023.11.14"]
[WhiteClock "0:02:30"]
[BlackClock "0:02:08"]
[Board "78"]

1. Nf3 d6 2. b3 Nd7 3. Bb2 e5 4. e3 g6 5. d4 Bg7 6. dxe5 Nxe5 7. Nxe5 dxe5 8. Bxe5 Bxe5 9. Nd2 Bxa1 10. Bd3 Bg7 11. h4 Nf6 12. Qe2 Be6 13. Qf3 Qd5 14. e4 Qh5 15. Qg3 Nd7 16. Qxc7 O-O 17. Qxb7 Bc3 18. Qc6 Rac8 19. Qd6 Qh6 20. f4 Nc5 21. g3 Rfd8 22. Qe7 Nxd3+ 23. cxd3 Rxd3 24. O-O Bd4+ 25. Kh1 Rxd2 26. f5 Qe3 27. fxg6 Qxe4+ 0-1


[Site "https://www.chess.com"]

[Event "Titled Tuesday Blitz November 14 Late 2023"]
[White "Aarakan, J"]
[Black "Sturt, Raven"]
[WhiteFideId "9946276"]
[BlackFideId "2007304"]
[WhiteElo "2225"]
[BlackElo "2634"]
[Result "1-0"]
[Round "2"]
[TimeControl "180+1"]
[Date "2023.11.14"]
[WhiteClock "0:01:01"]
[BlackClock "0:00:00"]
[Board "79"]

1. e4 e5 2. Nf3 Nc6 3. Bc4 Nf6 4. Ng5 d5 5. exd5 Na5 6. d3 h6 7. Nf3 e4 8. Qe2 Nxc4 9. dxc4 Bc5 10. c3 O-O 11. Nd4 Bg4 12. Qc2 c6 13. dxc6 bxc6 14. Be3 Qd7 15. Nd2 Rab8 16. b4 Bd6 17. Nxe4 Nxe4 18. Qxe4 c5 19. bxc5 Bxc5 20. O-O Rfe8 21. Qd5 Qc8 22. Rfe1 Rb2 23. h3 Bd7 24. Rab1 Rxa2 25. Rb7 Re7 26. Reb1 Bb6 27. Bf4 Ra5 28. Nb5 1-0


[Site "https://www.chess.com"]

[Event "Titled Tuesday Blitz November 14 Late 2023"]
[White "Lopez Perdomo, Juan David"]
[Black "Flameboard08"]
[WhiteFideId "4405137"]
[WhiteElo "2160"]
[BlackElo "2631"]
[Result "0-1"]
[Round "2"]
[TimeControl "180+1"]
[Date "2023.11.14"]
[WhiteClock "0:00:00"]
[BlackClock "0:00:03"]
[Board "80"]

1. e4 b6 2. d4 Bb7 3. f3 e6 4. Bd3 d5 5. Ne2 c5 6. c3 Nf6 7. e5 Nfd7 8. O-O Nc6 9. Be3 Rc8 10. Nd2 cxd4 11. cxd4 Nb4 12. Bb1 Ba6 13. Nb3 Qc7 14. Rf2 Nc2 15. Bxc2 Qxc2 16. Nc3 Qxd1+ 17. Rxd1 Bb4 18. Bd2 O-O 19. Nxd5 exd5 20. Bxb4 Rfe8 21. f4 Bc4 22. Nd2 Bxa2 23. Ra1 a5 24. Bxa5 bxa5 25. Rxa2 Rc1+ 26. Nf1 Ra8 27. Rf3 Nb6 28. Rfa3 Nc4 29. Rd3 g6 30. b3 Nb6 31. Kf2 Kg7 32. Ne3 f6 33. b4 a4 34. Rda3 fxe5 35. fxe5 Rb1 36. Rc2 Rxb4 37. Rc7+ Kh6 38. Ng4+ Kg5 39. Rg3 Rb2+ 40. Kf3 Rb3+ 41. Ne3+ Kh6 42. Rh3+ Kg5 43. Rg3+ Kh6 44. Kf4 Rf8+ 45. Kg4 g5 46. Rh3+ Kg6 47. Rc6+ Kg7 48. Nf5+ Kg8 49. Nh6+ Kh8 50. Nf5 Rxh3 51. gxh3 Nc4 52. Kxg5 a3 53. Nd6 a2 54. Ra6 Nxd6 55. exd6 Rd8 56. Rxa2 Rxd6 57. Ra5 Kg7 58. Ra7+ Kg8 59. Kf5 Rh6 60. Kg4 Rg6+ 61. Kh5 Rg2 62. Rd7 Rxh2 63. Kh4 Rd2 64. Rxd5 Re2 65. Kg4 Kg7 66. Rd7+ Kg6 67. h4 h5+ 68. Kh3 Re3+ 69. Kg2 Re4 70. Rd6+ Kf5 71. Kf3 Rf4+ 72. Ke3 Rxh4 0-1


[Site "https://www.chess.com"]

[Event "Titled Tuesday Blitz November 14 Late 2023"]
[White "Paravyan, David"]
[Black "Novikova, Margarita"]
[WhiteFideId "4194985"]
[BlackFideId "14109689"]
[WhiteElo "3022"]
[BlackElo "2170"]
[Result "1-0"]
[Round "2"]
[TimeControl "180+1"]
[Date "2023.11.14"]
[WhiteClock "0:01:41"]
[BlackClock "0:00:06"]
[Board "81"]

1. e4 d5 2. exd5 Qxd5 3. Nc3 Qd6 4. d4 Nf6 5. Nf3 Bg4 6. h3 Bh5 7. Nb5 Qd8 8. Bf4 Na6 9. c3 c6 10. Na3 Nc7 11. Nc4 Nfd5 12. Bh2 e6 13. Bd3 Be7 14. Nce5 O-O 15. g4 Bg6 16. Nxg6 hxg6 17. h4 Bd6 18. h5 Bxh2 19. Rxh2 g5 20. Bb1 Nf4 21. Qc2 f5 22. Ne5 Rf6 23. a3 Qd5 24. Ba2 Qd6 25. O-O-O Kf8 26. gxf5 exf5 27. Qb3 Ncd5 28. Qxb7 Rd8 29. h6 gxh6 30. Rxh6 Kg8 31. Qh7+ Kf8 32. Qh8+ Ke7 33. Qg7+ Ke8 34. Rh8+ Rf8 35. Qf7# 1-0


[Site "https://www.chess.com"]

[Event "Titled Tuesday Blitz November 14 Late 2023"]
[White "Kovalev, Vladislav"]
[Black "Shohat, Yotam"]
[WhiteFideId "13504398"]
[BlackFideId "2813955"]
[WhiteElo "2887"]
[BlackElo "2481"]
[Result "0-1"]
[Round "2"]
[TimeControl "180+1"]
[Date "2023.11.14"]
[WhiteClock "0:00:00"]
[BlackClock "0:00:05"]
[Board "82"]

1. e4 c5 2. Nf3 d6 3. d4 cxd4 4. Nxd4 Nf6 5. Nc3 a6 6. Rg1 b5 7. g4 Bb7 8. g5 Nxe4 9. Nxe4 Bxe4 10. a4 b4 11. Qg4 d5 12. h4 e5 13. f3 Bg6 14. h5 exd4 15. hxg6 hxg6 16. Bf4 Qd7 17. Qg3 Nc6 18. O-O-O Bc5 19. Re1+ Kf8 20. Bd3 b3 21. Rh1 Rxh1 22. Rxh1 Re8 23. Bxa6 bxc2 24. Bb5 Qe6 25. Bd2 Rc8 26. Qh2 d3 27. Bxd3 Nd4 28. Bc3 Qe3+ 29. Qd2 Nb3+ 30. Kxc2 Nxd2 31. Rh8+ Ke7 32. Rxc8 Nxf3 33. Rc7+ Kd6 34. Rxf7 Nd4+ 35. Bxd4 Qxd4 0-1


[Site "https://www.chess.com"]

[Event "Titled Tuesday Blitz November 14 Late 2023"]
[White "Urazayev, Arystanbek"]
[Black "Sreyas Payyappat"]
[WhiteFideId "13709810"]
[BlackFideId "46674969"]
[WhiteElo "2846"]
[BlackElo "2504"]
[Result "1-0"]
[Round "2"]
[TimeControl "180+1"]
[Date "2023.11.14"]
[WhiteClock "0:01:22"]
[BlackClock "0:00:00"]
[Board "83"]

1. d4 Nf6 2. c4 c5 3. d5 e6 4. Nc3 exd5 5. cxd5 d6 6. e4 g6 7. h3 Bg7 8. Bd3 O-O 9. Nf3 b5 10. O-O c4 11. Bc2 Ba6 12. a3 Nbd7 13. Nd4 Nc5 14. Re1 Qd7 15. Nc6 Rfe8 16. Bg5 Nh5 17. Qg4 Qc7 18. Qf3 Nd7 19. a4 b4 20. Nxb4 Bb7 21. Nb5 Qb8 22. Nc6 Bxc6 23. dxc6 Ne5 24. Qd1 Nxc6 25. Nxd6 Re6 26. Nxc4 Nd4 27. Be3 Nxc2 28. Qxc2 Qb4 29. Rac1 Rc8 30. b3 Rec6 31. Bd2 Qc5 32. Bc3 Bxc3 33. Qxc3 Nf4 34. Rcd1 Qh5 35. Qe3 Qg5 36. Qf3 Ne6 37. Rd5 Qh6 38. Red1 Qg7 39. g3 Rf8 40. h4 f5 41. exf5 Nc5 42. Rd8 gxf5 43. Qxc6 1-0


[Site "https://www.chess.com"]

[Event "Titled Tuesday Blitz November 14 Late 2023"]
[White "Martin Barcelo, Carles"]
[Black "Klekowski, Maciej"]
[WhiteFideId "24561444"]
[BlackFideId "1132717"]
[WhiteElo "2478"]
[BlackElo "2836"]
[Result "0-1"]
[Round "2"]
[TimeControl "180+1"]
[Date "2023.11.14"]
[WhiteClock "0:00:41"]
[BlackClock "0:01:15"]
[Board "84"]

1. e4 c5 2. Nc3 Nc6 3. Bb5 Nd4 4. Nf3 a6 5. Bd3 e6 6. Nxd4 cxd4 7. Ne2 Bc5 8. O-O Ne7 9. c3 Nc6 10. b4 Ba7 11. a4 dxc3 12. dxc3 O-O 13. b5 Ne5 14. bxa6 Nxd3 15. Qxd3 bxa6 16. Be3 Bb8 17. Bf4 Bxf4 18. Nxf4 a5 19. Qd6 Ra6 20. Qe5 Rc6 21. Ne2 Ba6 22. Rfe1 d6 23. Qd4 Qc7 24. Rad1 Rd8 25. Rc1 Rc4 26. Qd3 Qc8 27. Nd4 Rxa4 28. Qd2 Rc4 29. Rc2 a4 30. h3 h6 31. Ra1 Bb7 32. Qd3 e5 33. Nf5 Bxe4 34. Qxe4 Rxe4 35. Ne7+ Kf8 36. Nxc8 Rxc8 37. Ra3 Rec4 38. Rca2 Rxc3 39. Rxa4 Rc1+ 40. Kh2 R1c2 41. Rxc2 Rxc2 42. Kg3 Ke7 43. Kf3 Ke6 44. Ra6 h5 45. g4 Rc3+ 46. Kg2 h4 47. Ra8 g5 48. Rg8 f6 49. Re8+ Kd5 50. f3 Rc2+ 51. Kg1 Rc6 52. Kf2 Kc5 53. Ra8 d5 54. Ke3 Kb4 55. Rb8+ Kc3 56. Rb1 Kc2 57. Ra1 d4+ 58. Ke2 d3+ 59. Ke3 Rd6 60. Ra2+ Kb3 61. Rd2 Kc3 0-1


[Site "https://www.chess.com"]

[Event "Titled Tuesday Blitz November 14 Late 2023"]
[White "Margvelashvili, Giorgi"]
[Black "YouShallNotPass001"]
[WhiteFideId "13602926"]
[WhiteElo "2830"]
[BlackElo "2480"]
[Result "1-0"]
[Round "2"]
[TimeControl "180+1"]
[Date "2023.11.14"]
[WhiteClock "0:00:19"]
[BlackClock "0:01:14"]
[Board "85"]

1. d4 Nf6 2. c4 e6 3. Nf3 d5 4. e3 Be7 5. b3 O-O 6. Bb2 Ne4 7. Bd3 b6 8. O-O Bb7 9. Nc3 Nd7 10. Rc1 Nxc3 11. Bxc3 dxc4 12. bxc4 c5 13. d5 exd5 14. cxd5 Bf6 15. e4 Re8 16. Re1 Bxc3 17. Rxc3 Qf6 18. Rc2 Re7 19. Rce2 Rae8 20. Bb5 a6 21. Bxd7 Rxd7 22. h3 c4 23. Qb1 b5 24. a4 bxa4 25. Qb4 c3 26. Qxa4 Rde7 27. e5 Qf5 28. d6 Re6 29. Nd4 Qg6 30. f4 Rc8 31. f5 Qg3 32. fxe6 fxe6 33. Qd7 c2 34. Qxe6+ Kh8 35. Nxc2 h6 36. d7 Rd8 37. Qe8+ 1-0


[Site "https://www.chess.com"]

[Event "Titled Tuesday Blitz November 14 Late 2023"]
[White "Tatarinov, Dmitry"]
[Black "Marcziter, Dmitrii"]
[WhiteFideId "24160067"]
[BlackFideId "13900765"]
[WhiteElo "2788"]
[BlackElo "2413"]
[Result "0-1"]
[Round "2"]
[TimeControl "180+1"]
[Date "2023.11.14"]
[WhiteClock "0:01:28"]
[BlackClock "0:00:47"]
[Board "86"]

1. e4 c5 2. Nf3 a6 3. c4 e6 4. Nc3 Qc7 5. Be2 b6 6. O-O Bb7 7. d4 cxd4 8. Nxd4 Nf6 9. Qd3 Nc6 10. Nxc6 dxc6 11. f4 e5 12. fxe5 Qxe5 13. Bf4 Bc5+ 14. Kh1 Qe6 15. e5 Nd7 16. Qg3 O-O 17. Rad1 Rad8 18. Bg4 Qe7 19. Ne4 f5 20. Bg5 Qxe5 21. Bxd8 fxg4 22. Rxd7 Rxf1# 0-1


[Site "https://www.chess.com"]

[Event "Titled Tuesday Blitz November 14 Late 2023"]
[White "Wanyama, Harold"]
[Black "Djokic, Mihailo"]
[WhiteFideId "10000380"]
[BlackFideId "976440"]
[WhiteElo "2443"]
[BlackElo "2680"]
[Result "1-0"]
[Round "2"]
[TimeControl "180+1"]
[Date "2023.11.14"]
[WhiteClock "0:00:56"]
[BlackClock "0:00:55"]
[Board "87"]

1. d4 Nf6 2. c4 g6 3. g3 Bg7 4. Bg2 O-O 5. Nf3 d6 6. Kf1 Nc6 7. Nc3 e5 8. d5 Ne7 9. e4 Nd7 10. Rb1 h6 11. b4 f5 12. c5 Nf6 13. Qc2 fxe4 14. Ne1 Nf5 15. Nxe4 Nd4 16. Qd3 Ng4 17. h3 Nf6 18. Nxf6+ Qxf6 19. Be3 Nf5 20. Kg1 a5 21. b5 dxc5 22. Bxc5 Rd8 23. b6 cxb6 24. Rxb6 Qg5 25. h4 Qc1 26. Qc2 Qxc2 27. Nxc2 Kf7 28. Ne3 Nd4 29. Be4 Nf5 30. h5 Nxe3 31. hxg6+ Kg8 32. Bxe3 Bg4 33. Bxh6 Ra6 34. Rxb7 Bd7 35. Bxg7 1-0


[Site "https://www.chess.com"]

[Event "Titled Tuesday Blitz November 14 Late 2023"]
[White "MKlose11"]
[Black "Figorito, Nick"]
[BlackFideId "30923689"]
[WhiteElo "2666"]
[BlackElo "2407"]
[Result "1-0"]
[Round "2"]
[TimeControl "180+1"]
[Date "2023.11.14"]
[WhiteClock "0:01:36"]
[BlackClock "0:00:28"]
[Board "89"]

1. e4 e6 2. d4 d5 3. Nd2 Nf6 4. e5 Nfd7 5. Bd3 c5 6. c3 Nc6 7. Ne2 cxd4 8. cxd4 f6 9. exf6 Nxf6 10. O-O Bd6 11. Nf3 Qc7 12. Bg5 O-O 13. Rc1 Bd7 14. Bh4 Qb6 15. b3 Rac8 16. Bb1 Ba3 17. Rc3 Nb4 18. Rxc8 Bxc8 19. Ne5 Qc7 20. Qd2 Bd7 21. Bg3 Qd8 22. h3 Bb5 23. Re1 Bxe2 24. Qxe2 Qb6 25. Nf3 Re8 26. Be5 Nd7 27. Ng5 g6 28. Nxh7 Nf8 29. Nf6+ Kf7 30. Qf3 Nc6 31. Nxd5+ 1-0


[Site "https://www.chess.com"]